 Dungeon Crawl Stone Soup version 0.21-a0-442-g848f44b (webtiles) character file.

7395 graki42 the Thaumaturge (level 10, -10/52 HPs)
             Began as a Deep Elf Fire Elementalist on Nov 15, 2017.
             Was a Believer of Vehumet.
             Killed by the air
             ... invoked by Gastronok
              (18 damage)
             ... on level 9 of the Dungeon on Nov 17, 2017.
             The game lasted 00:53:50 (12103 turns).

graki42 the Thaumaturge (DEFE)                     Turns: 12103, Time: 00:53:53

Health: -10/52     AC:  4    Str:  8    XL:     10   Next: 92%
Magic:  5/28       EV: 15    Int: 21    God:    Vehumet [**....]
Gold:   932        SH:  0    Dex: 15    Spells: 17/33 levels left

rFire    + . .     SeeInvis .   m - +5 quarterstaff (chaos)
rCold    + . .     Gourm    +   (shield currently unavailable)
rNeg     . . .     Faith    .   F - +0 robe {rC+ rF+}
rPois    .         Spirit   .   y - +0 helmet
rElec    .         Reflect  .   t - +0 cloak
rCorr    .         Harm     .   (no gloves)
MR       +....                  (no boots)
Stlth    +++.......             u - amulet of the gourmand
HPRegen  0.17/turn              (no ring)
MPRegen  0.21/turn              (no ring)

@: no status effects
A: no striking features
a: Renounce Religion


You were on level 9 of the Dungeon.
You worshipped Vehumet.
Vehumet was pleased with you.
You were very full.

You visited 2 branches of the dungeon, and saw 11 of its levels.
You also visited: Ossuary.

You collected 932 gold pieces.

Inventory:

Hand Weapons
 e - the +1 great sword of a wizard's laboratory {holy, *Drain rC+ Dex+3}
   (You found it on level 10 of the Dungeon)

   It has been blessed by the Shining One to cause great damage to the undead
   and demons.
   It affects your dexterity (+3).
   It protects you from cold.
   It causes draining when unequipped.
 m - a +5 quarterstaff of chaos (weapon)
Armour
 t - a +0 cloak (worn)
 v - a +1 robe of positive energy
 y - a +0 helmet (worn)
 F - a +0 robe of resistance (worn)
Jewellery
 u - an amulet of the gourmand (around neck)
Wands
 z - a wand of digging (8/24)
 D - a wand of flame (18/48)
 J - a wand of confusion (11/48)
Scrolls
 a - a scroll of magic mapping {unknown}
 b - 4 scrolls of remove curse
 i - a scroll of identify
 q - 3 scrolls of fear {unknown}
 r - 2 scrolls of fog {unknown}
 w - 2 scrolls of teleportation {unknown}
 x - a scroll of enchant armour {unknown}
 B - a scroll of random uselessness {unknown}
 C - a scroll of blinking {unknown}
 E - a scroll of recharging {unknown}
Potions
 g - 2 potions of agility
 h - 4 potions of lignification
 j - 3 potions of might
 k - 4 potions of curing
 l - 3 potions of flight
 o - 2 potions of berserk rage
 p - a potion of brilliance
 H - a potion of invisibility {unknown}
Books
 s - a book of Callings

   Spells                             Type                      Level
   a - Summon Small Mammal            Summoning                    1
   b - Call Imp                       Summoning                    2
   c - Call Canine Familiar           Summoning                    3
   d - Summon Guardian Golem          Hexes/Summoning              3
   e - Summon Lightning Spire         Summoning/Air                4
   f - Summon Ice Beast               Ice/Summoning                4
 A - a book of Cantrips

   Spells                             Type                      Level
   a - Confusing Touch                Hexes                        1
   b - Animate Skeleton               Necromancy                   1
   c - Summon Small Mammal            Summoning                    1
   d - Apportation                    Translocation                1
 G - a book of Clouds

   Spells                             Type                      Level
   a - Poisonous Vapours              Poison/Air                   2
   b - Mephitic Cloud                 Conjuration/Poison/Air       3
   c - Conjure Flame                  Conjuration/Fire             3
   d - Freezing Cloud                 Conjuration/Ice/Air          6
   e - Ring of Flames                 Charms/Fire                  7
Comestibles
 c - 7 bread rations
 d - 5 royal jellies
 f - 6 meat rations
 n - 5 fruits


   Skills:
 + Level 1.2 Fighting
 + Level 0.5 Staves
 + Level 4.7 Dodging
 + Level 5.4 Stealth
 + Level 12.2 Spellcasting
 + Level 9.7 Conjurations
 + Level 2.1 Hexes
 + Level 10.5 Fire Magic


You had 17 spell levels left.
You knew the following spells:

 Your Spells              Type           Power        Failure   Level  Hunger
a - Flame Tongue          Conj/Fire      #####        1%          1    None
b - Conjure Flame         Conj/Fire      ######..     1%          3    None
c - Inner Flame           Hex/Fire       #####...     1%          3    None
d - Sticky Flame          Conj/Fire      ######..     1%          4    None
e - Fireball              Conj/Fire      ######....   2%          5    ####...


Dungeon Overview and Level Annotations

Branches:
Dungeon (10/15)            Temple (1/1) D:4            Lair (0/6) D:10
    Orc (0/2) D:10

Altars:
Cheibriados
Dithmenos
Fedhas
Gozag
Kikubaaqudgha
Nemelex Xobeh
Okawaru
Qazlal
Sif Muna
Trog
Vehumet
Wu Jian
Xom
Yredelemnul
Zin

Shops:
D:8 *

Annotations:
D:9 Gastronok


Message History

Casting: Flame Tongue
Confirm with . or Enter, or press ? or * to list all spells.
Aiming: Sticky Flame
Press: ? - help, Shift-Dir - straight line, f/p - Gastronok
Aim: Gastronok, wearing a glowing hat (flame, heavily wounded, covered in liquid flames, covering ground quickly)
The sticky flame hits Gastronok.
Gastronok is severely wounded.
Gastronok is covered in liquid flames!
Gastronok burns!
Casting: Sticky Flame
Confirm with . or Enter, or press ? or * to list all spells.
Aiming: Sticky Flame
Press: ? - help, Shift-Dir - straight line, f/p - Gastronok
Aim: Gastronok, wearing a glowing hat (flame, severely wounded, covered in liquid flames, covering ground quickly)
The sticky flame hits Gastronok.
Gastronok is severely wounded.
Gastronok is covered in liquid flames!
Gastronok burns!
Gastronok is engulfed in blazing flames.
Gastronok waves his eye-stalks in wide circles.
The air twists around and strikes you!
You die...

.(.####......## #...# '###
###'###.## #####'### .# #...#
##.## #.......# ## ###
###'#####.#.## ###.###.###. ..#
#.)........#.## #...#...#.'. ..#
#..........##.####.#######.#.
..###.....%....##....'.#.....'.#.
.('.#..........#..#.##.#.###o###.
..#.'....%...§.w@#####.#.#.#.# #.
..###....%...§§### #o###.#.# #.
### #........§.# #...o...# #.
############ ######### #. ##


You could see Gastronok (burning).

Vanquished Creatures
  3 two-headed ogres
  Maurice (D:9)
  A hippogriff (D:9)
  A spriggan (D:8)
  A hungry ghost (D:9)
  3 vampire mosquitoes (D:9)
  The ghost of graki42 the Magician, an amateur DEFE (D:3)
  2 water moccasins (D:8)
  2 porcupines (D:10)
  3 orc warriors
  2 phantoms
  2 sky beasts (D:10)
  An ice beast (D:10)
  2 black bears
  3 ogres
  3 centaurs
  A big kobold (D:9)
  4 bullfrogs
  2 elf zombies
  An elf skeleton (D:4)
  A water moccasin skeleton (D:8)
  2 scorpions
  6 killer bees (D:10)
  4 wights (D:8)
  A howler monkey (D:6)
  3 bullfrog zombies
  A crimson imp (D:10)
  2 hounds
  A jelly (D:4)
  A human zombie (D:4)
  An orc priest (D:9)
  Crazy Yiuf (D:3)
  4 orc wizards
  2 bullfrog skeletons
  2 centaur skeletons (D:8)
  2 human skeletons (D:4)
  An iguana (D:10)
  9 worker ants
  2 killer bee zombies
  4 big kobold zombies (Ossuary)
  2 mummies (Ossuary)
  A howler monkey skeleton (D:9)
  7 gnolls
  13 adders
  A shadow imp (D:8)
  An adder skeleton (D:4)
  2 adder zombies
  2 worms (D:2)
  2 dart slugs
  3 leopard geckos
  28 orcs
  8 bats
  5 giant cockroaches
  A gnoll zombie (Ossuary)
  5 hobgoblins
  8 jackals
  3 quokkas
  3 ball pythons
  4 frilled lizards
  9 goblins
  2 goblin zombies (Ossuary)
  4 hobgoblin zombies (Ossuary)
  9 kobolds
  A leopard gecko skeleton (D:7)
  An orc skeleton (D:4)
  2 orc zombies (Ossuary)
  3 rats
219 creatures vanquished.

Notes
Turn   | Place    | Note
-------+----------+-------------------------------------------
     0 | D:1      | graki42 the Deep Elf Fire Elementalist began the quest for the Orb.
     0 | D:1      | Reached XP level 1. HP: 10/10 MP: 6/6
   222 | D:1      | Reached XP level 2. HP: 12/15 MP: 3/8
  1529 | D:2      | Reached XP level 3. HP: 19/19 MP: 5/10
  1536 | D:2      | Learned a level 3 spell: Conjure Flame
  1540 | D:2      | Learned a level 3 spell: Inner Flame
  2013 | D:3      | Noticed graki42's ghost (amateur DEFE)
  2130 | D:4      | Reached XP level 4. HP: 23/24 MP: 2/11
  2136 | D:4      | Noticed a phantom
  2215 | D:4      | Killed a phantom
  2215 | D:4      | Reached skill level 4 in Spellcasting
  2215 | D:4      | Reached XP level 5. HP: 3/28 MP: 0/13
  2313 | D:4      | Found a sand-covered staircase.
  2366 | Ossuary  | Entered an ossuary
  2581 | Ossuary  | Learned a level 4 spell: Sticky Flame
  2596 | Ossuary  | Reached skill level 5 in Spellcasting
  2708 | Ossuary  | Reached XP level 6. HP: 33/33 MP: 8/15
  2958 | Ossuary  | Reached skill level 5 in Fire Magic
  3079 | D:4      | Reached skill level 6 in Spellcasting
  3079 | D:4      | Reached XP level 7. HP: 36/37 MP: 3/18
  3623 | D:3      | Killed graki42's ghost
  3649 | D:3      | Reached skill level 5 in Conjurations
  3910 | D:3      | Reached skill level 7 in Spellcasting
  3921 | D:3      | Found a stormy altar of Qazlal.
  3939 | D:3      | Found an ancient bone altar of Kikubaaqudgha.
  3970 | D:3      | Found a runed door.
  3991 | D:3      | Noticed Crazy Yiuf
  3998 | D:3      | Killed Crazy Yiuf
  4326 | D:2      | Learned a level 5 spell: Fireball
  4702 | D:4      | Found a staircase to the Ecumenical Temple.
  4718 | Temple   | Entered the Ecumenical Temple
  4745 | Temple   | Became a worshipper of Vehumet
  4783 | D:4      | Found a shimmering altar of Xom.
  5063 | D:5      | Entered Level 5 of the Dungeon
  5123 | D:5      | Reached XP level 8. HP: 41/42 MP: 15/20
  5200 | D:5      | Reached skill level 1 in Hexes
  5590 | D:5      | Reached skill level 8 in Spellcasting
  6195 | D:6      | Found a blossoming altar of Fedhas.
  6426 | D:6      | Reached skill level 1 in Fighting
  7573 | D:8      | Noticed a two-headed ogre
  7584 | D:8      | Killed a two-headed ogre
  7584 | D:8      | Reached skill level 9 in Spellcasting
  7584 | D:8      | Reached XP level 9. HP: 47/47 MP: 10/24
  7793 | D:8      | Found Ystrang's Serpentskin Sales.
  7798 | D:8      | Reached * piety under Vehumet
  7798 | D:8      | Offered knowledge of Magic Dart by Vehumet.
  7798 | D:8      | Reached skill level 10 in Spellcasting
  8308 | D:8      | Got a bloodstained ring mail
  8324 | D:8      | Identified the cursed +1 ring mail of the Final Tales {Dex+2} (You took it off a wight on level 8 of the Dungeon)
  8579 | D:9      | Noticed a two-headed ogre
  8589 | D:9      | Killed a two-headed ogre
  8589 | D:9      | Reached skill level 11 in Spellcasting
  8589 | D:9      | Reached XP level 10. HP: 52/52 MP: 11/27
  8685 | D:9      | Noticed a two-headed ogre
  8702 | D:9      | Killed a two-headed ogre
  9088 | D:9      | Noticed Maurice
  9096 | D:9      | Killed Maurice
  9239 | D:9      | Offered knowledge of Searing Ray by Vehumet.
  9460 | D:9      | Reached ** piety under Vehumet
  9483 | D:9      | Noticed Gastronok
  9864 | D:9      | Reached skill level 5 in Stealth
  9950 | D:9      | Reached skill level 10 in Fire Magic
 10216 | D:9      | Found a glowing silver altar of Zin.
 10217 | D:9      | Found a deep blue altar of Sif Muna.
 10337 | D:10     | Entered Level 10 of the Dungeon
 10578 | D:10     | Reached skill level 12 in Spellcasting
 10755 | D:10     | Offered knowledge of Mephitic Cloud by Vehumet.
 10848 | D:10     | Got a bloodstained great sword
 10849 | D:10     | Identified the +1 great sword of a wizard's laboratory {holy, *Drain rC+ Dex+3} (You found it on level 10 of the Dungeon)
 11066 | D:10     | Found a staircase to the Orcish Mines.
 11305 | D:10     | Found a staircase to the Lair.
 12103 | D:9      | Killed from afar by Gastronok

Vault maps used:
D:1:      tarquinn_simple_flora_water_b, st_stairs_2, corner_web_ring
D:3:      gammafunk_temple_overflow_statue, uniq_crazy_yiuf_cottage
D:4:      minmay_temple_entry_poolview, first_bread,
          nicolae_ossuary_entry_catacombs, tgw_xom
D:5:      kennysheep_generic_room_9
D:6:      fedhas_altar_2
D:7:      serial_co_window_serial, co_window_of_opportunity_a,
          co_window_paths_a, co_window_paths_a, co_window_paths_b,
          co_window_paths_b, co_window_paths_a, co_window_paths_a,
          co_window_of_opportunity_c, co_window_corner_b,
          co_window_unsneaky_path_e, co_window_cross_2,
          co_window_unsneaky_path_e, co_window_corner_ca, glass_columns_c,
          glass_columns_a, glass_columns_b
D:8:      the_bakery, guppyfry_shop_venom
D:9:      chequers_temple_overflow_statue_of_worship, minmay_misc_feat_square,
          grunt_ministairs_12, uniq_gastronok, uniq_maurice
D:10:     grunt_lair_entry_orc_guard_hut, orc_0_dummy
Temple:   eino_temple_rhombus
Ossuary:  minmay_ossuary_gauntlet

Skill      XL: |  1  2  3  4  5  6  7  8  9 10 |
---------------+-------------------------------+-----
Conjurations   | 2 3 4 5 7 8 9 |  9.7
Fire Magic     | 4 5 6 7 9 10 | 10.5
Dodging        | 3 4 |  4.7
Spellcasting   | 4 5 6 7 9 11 12 | 12.2
Stealth        | 3 4 5 |  5.4
Hexes          | 1 2 |  2.1
Fighting       | 1 |  1.2
Staves         | |  0.5

Action                   |  1- 3 |  4- 6 |  7- 9 | 10-12 || total
-------------------------+-------+-------+-------+-------++-------
Melee: Quarterstaff      |       |       |     9 |     5 ||    14
 Cast: Flame Tongue      |    67 |    62 |   206 |    90 ||   425
       Conjure Flame     |     1 |    10 |    22 |     6 ||    39
       Sticky Flame      |       |     2 |    23 |    20 ||    45
       Inner Flame       |       |       |    13 |     2 ||    15
       Fireball          |       |       |     4 |    19 ||    23
Evoke: Wand              |       |       |       |     2 ||     2
  Use: Scroll            |     4 |     1 |    11 |     2 ||    18
       Potion            |       |       |       |     1 ||     1
 Stab: Sleeping          |       |       |       |     1 ||     1
  Eat: Chunk             |     3 |     1 |    23 |    25 ||    52
       Royal jelly       |       |     1 |       |       ||     1
       Fruit             |       |       |     1 |       ||     1
Armor: Robe              |     5 |     2 |     2 |    10 ||    19
       Leather armour    |       |       |    10 |       ||    10
Dodge: Dodged            |    15 |    19 |    53 |    55 ||   142

Table legend:
 A = Spawn XP
 B = Non-spawn XP
 C = Spawn XP percentage of total XP
 D = Spawn monster count
 E = Non-spawn monster count
 F = Spawn count percentage of total count
 G = Total turns spent on level
                    A         B        C        D         E        F      G
               +---------+---------+-------+---------+---------+-------+---------
         Total |       0 |   10565 |   0.0 |       0 |     219 |   0.0 | 12103
               +---------+---------+-------+---------+---------+-------+---------
           D:1 |       0 |      33 |   0.0 |       0 |      18 |   0.0 |  1421
           D:2 |       0 |      75 |   0.0 |       0 |      19 |   0.0 |   946
           D:3 |       0 |     400 |   0.0 |       0 |      33 |   0.0 |   833
           D:4 |       0 |     645 |   0.0 |       0 |      33 |   0.0 |  1172
           D:5 |       0 |     385 |   0.0 |       0 |      13 |   0.0 |   835
           D:6 |       0 |     563 |   0.0 |       0 |      11 |   0.0 |   846
           D:7 |       0 |     215 |   0.0 |       0 |       6 |   0.0 |   921
           D:8 |       0 |    2105 |   0.0 |       0 |      19 |   0.0 |  1093
           D:9 |       0 |    4192 |   0.0 |       0 |      30 |   0.0 |  2138
          D:10 |       0 |    1709 |   0.0 |       0 |      21 |   0.0 |  1207
       Ossuary |       0 |     243 |   0.0 |       0 |      16 |   0.0 |   647
               +---------+---------+-------+---------+---------+-------+---------
